[Event "FIDE Grand Swiss 2023"]
[Site "Villa Marina, Douglas, Isle of Man"]
[Date "2023.10.29"]
[Round "5.30"]
[White "Kollars, Dmitrij"]
[Black "Navara, David"]
[Result "1/2-1/2"]
[WhiteElo "2633"]
[BlackElo "2689"]
[EventDate "2023.10.25"]
[ECO "C67"]
[PlyCount "68"]
[BlackFideId "309095"]
[TimeControl "40/100 + 20/50 + 15 + 30s/move"]
[WhiteFideId "12909572"]

1.e4 e5 2.Nf3 Nc6 3.Bb5 Nf6 4.O-O Nxe4 5.Re1 Nd6 6.Nxe5 Be7 7.Bf1 Nxe5 8.Rxe5 O-O 9.d4 Bf6 10.Re2 b6 11.Re1 Bb7 12.Bf4 Ne4 13.Nd2 Re8 14.Bd3 Nxd2 15.Qxd2 d6 16.c3 Qd7 17.h3 Rxe1+ 18.Rxe1 Re8 19.a3 Rxe1+ 20.Qxe1 Qe6 21.Qe2 Qxe2 22.Bxe2 h6 23.f3 Bg5 24.Bxg5 hxg5 25.Kf2 f5 26.Bc4+ Kf8 27.Ke3 f4+ 28.Ke2 Ke7 29.b4 Kf6 30.Kf2 c5 31.Ke2 Bc6 32.Kf2 Bd7 33.Ke2 Bc6 34.Kf2 Bd7 1/2-1/2

[Event "FIDE Grand Swiss 2023"]
[Site "Villa Marina, Douglas, Isle of Man"]
[Date "2023.10.29"]
[Round "5.31"]
[White "Sargsyan, Shant"]
[Black "Tabatabaei, M. Amin"]
[Result "1/2-1/2"]
[WhiteElo "2631"]
[BlackElo "2685"]
[EventDate "2023.10.25"]
[ECO "D43"]
[PlyCount "97"]
[BlackFideId "12521213"]
[TimeControl "40/100 + 20/50 + 15 + 30s/move"]
[WhiteFideId "13306766"]

1.d4 d5 2.c4 e6 3.Nf3 Nf6 4.Nc3 c6 5.Bg5 h6 6.Bxf6 Qxf6 7.e3 g6 8.Bd3 Bg7 9.O-O O-O 10.e4 Qd8 11.cxd5 exd5 12.e5 c5 13.dxc5 Nc6 14.Rc1 Bg4 15.Be2 Be6 16.Qd2 Nxe5 17.Nxe5 Bxe5 18.g3 d4 19.Ne4 Bxa2 20.Bd3 Bg7 21.b4 Bd5 22.Nd6 a5 23.bxa5 Qxa5 24.Qf4 Qc7 25.Be4 Qc6 26.Rb1 Bxe4 27.Qxe4 Qxc5 28.Nxb7 Qa3 29.Qd5 Qa2 30.Qxa2 Rxa2 31.Nc5 Rc8 32.Nd3 Rd2 33.Rfd1 Rxd1+ 34.Rxd1 Kf8 35.Kf1 Rc3 36.Ke2 Rc2+ 37.Rd2 Rc7 38.Ra2 h5 39.h3 Re7+ 40.Kf3 Bf6 41.Ra5 Rb7 42.g4 h4 43.g5 Be7 44.Rd5 Rb3 45.Ke2 Rb1 46.Ne1 Rb2+ 47.Kf1 Rb1 48.Ke2 Rb2+ 49.Kf1 1/2-1/2

[Event "FIDE Grand Swiss 2023"]
[Site "Villa Marina, Douglas, Isle of Man"]
[Date "2023.10.29"]
[Round "5.32"]
[White "Svane, Frederik"]
[Black "Abasov, Nijat"]
[Result "1/2-1/2"]
[WhiteElo "2626"]
[BlackElo "2679"]
[EventDate "2023.10.25"]
[ECO "B15"]
[PlyCount "61"]
[BlackFideId "13402960"]
[TimeControl "40/100 + 20/50 + 15 + 30s/move"]
[WhiteFideId "12923044"]

1.e4 c6 2.d4 d5 3.Nc3 dxe4 4.Nxe4 Nf6 5.Nxf6+ exf6 6.c3 Bd6 7.Bd3 O-O 8.Ne2 Re8 9.Qc2 h5 10.O-O Qc7 11.h3 c5 12.dxc5 Qxc5 13.b4 Qc7 14.Nd4 a6 15.Bd2 Nc6 16.Nxc6 Qxc6 17.Rfe1 Be6 18.Bh7+ Kf8 19.Be4 Qc7 20.Rac1 Rad8 21.c4 Bh2+ 22.Kh1 Rxd2 23.Qxd2 Bf4 24.Qc2 Bxc1 25.Rxc1 Rd8 26.Rd1 Rxd1+ 27.Qxd1 g6 28.Qd4 Qxc4 29.Qxc4 Bxc4 30.Bxb7 Ke7 31.f4 1/2-1/2

[Event "FIDE Grand Swiss 2023"]
[Site "Villa Marina, Douglas, Isle of Man"]
[Date "2023.10.29"]
[Round "5.33"]
[White "Durarbayli, Vasif"]
[Black "Matlakov, Maxim"]
[Result "1/2-1/2"]
[WhiteElo "2625"]
[BlackElo "2674"]
[EventDate "2023.10.25"]
[ECO "C50"]
[PlyCount "109"]
[BlackFideId "4168003"]
[TimeControl "40/100 + 20/50 + 15 + 30s/move"]
[WhiteFideId "13402935"]

1.e4 e5 2.Nf3 Nc6 3.Bc4 Nf6 4.d3 Bc5 5.O-O d6 6.c3 a5 7.Re1 O-O 8.h3 Be6 9.Bb5 Ba7 10.Be3 Bxe3 11.Rxe3 Ne7 12.d4 Ng6 13.Bf1 h5 14.c4 Nh7 15.Nc3 Ng5 16.Nxg5 Qxg5 17.Rg3 Qh4 18.a3 Rad8 19.Rc1 Nf4 20.Nd5 c6 21.Nxf4 Qxf4 22.d5 Bd7 23.Re3 h4 24.Qb3 Qg5 25.Rd1 c5 26.a4 Qe7 27.Be2 Ra8 28.Rf1 b6 29.Kh2 g6 30.Bd1 Rab8 31.Bc2 Qg5 32.Kh1 f5 33.exf5 Bxf5 34.Bxf5 Rxf5 35.Re4 Rf4 36.Rxf4 Qxf4 37.Kg1 Kg7 38.f3 g5 39.Qb5 Qf7 40.Qc6 Qe7 41.Re1 Qd8 42.Qb5 Qc7 43.Re3 Kf6 44.Kf2 Ke7 45.Re4 Rf8 46.Rg4 Kf6 47.Ke2 Kg6 48.Re4 Kf6 49.Kd2 Kg6 50.Ke2 Rf4 51.Qe8+ Qf7 52.Qd8 Rxe4+ 53.fxe4 Qf4 54.Qg8+ Kh6 55.Qe6+ 1/2-1/2

[Event "FIDE Grand Swiss 2023"]
[Site "Villa Marina, Douglas, Isle of Man"]
[Date "2023.10.29"]
[Round "5.34"]
[White "Bluebaum, Matthias"]
[Black "Dardha, Daniel"]
[Result "1-0"]
[WhiteElo "2668"]
[BlackElo "2580"]
[EventDate "2023.10.25"]
[ECO "A11"]
[PlyCount "63"]
[BlackFideId "240990"]
[TimeControl "40/100 + 20/50 + 15 + 30s/move"]
[WhiteFideId "24651516"]

1.c4 c6 2.Nf3 d5 3.e3 Nf6 4.Qc2 a6 5.Nc3 e6 6.d4 c5 7.cxd5 exd5 8.Be2 Nc6 9.O-O cxd4 10.Nxd4 Bd6 11.Nxc6 bxc6 12.Nxd5 Bxh2+ 13.Kxh2 cxd5 14.Qa4+ Bd7 15.Qf4 Bb5 16.Bxb5+ axb5 17.b3 O-O 18.Bb2 Ra6 19.Kg1 Qe7 20.a4 b4 21.Rac1 Ne4 22.Rfd1 Qe6 23.Qe5 Nc3 24.Bxc3 bxc3 25.Qxc3 h5 26.Qd4 Rb8 27.Rc3 Ra5 28.Qf4 Rd8 29.Qg5 Rda8 30.Rd4 g6 31.Rc7 Rb8 32.Rf4 1-0

[Event "FIDE Grand Swiss 2023"]
[Site "Villa Marina, Douglas, Isle of Man"]
[Date "2023.10.29"]
[Round "5.35"]
[White "Huschenbeth, Niclas"]
[Black "Volokitin, Andrei"]
[Result "1-0"]
[WhiteElo "2605"]
[BlackElo "2664"]
[EventDate "2023.10.25"]
[ECO "B48"]
[PlyCount "79"]
[BlackFideId "14107090"]
[TimeControl "40/100 + 20/50 + 15 + 30s/move"]
[WhiteFideId "24604747"]

1.e4 c5 2.Nc3 e6 3.Nf3 Nc6 4.d4 cxd4 5.Nxd4 Qc7 6.Be3 a6 7.a3 b5 8.Nxc6 Qxc6 9.Bd3 Bb7 10.Qd2 Qc7 11.O-O-O Nf6 12.Kb1 Be7 13.f3 O-O 14.Ne2 d5 15.e5 Ne4 16.Qc1 Nc5 17.Bg5 f6 18.exf6 Bxf6 19.Bxf6 Rxf6 20.f4 d4 21.Rhg1 e5 22.fxe5 Qxe5 23.Nxd4 Nxd3 24.Rxd3 Qxh2 25.g4 Rd8 26.g5 Rfd6 27.Rd2 Qf4 28.c3 Rg6 29.Ka1 Rxg5 30.Nf3 Rxd2 31.Nxg5 Bd5 32.Qe1 h6 33.Nh3 Rd1+ 34.Qxd1 Qc4 35.Kb1 Qa2+ 36.Kc1 Be4 37.Qd8+ Kh7 38.Rxg7+ Kxg7 39.Qd4+ Kf7 40.Qxe4 1-0

[Event "FIDE Grand Swiss 2023"]
[Site "Villa Marina, Douglas, Isle of Man"]
[Date "2023.10.29"]
[Round "5.36"]
[White "Shirov, Alexei"]
[Black "Amar, Elham"]
[Result "1-0"]
[WhiteElo "2655"]
[BlackElo "2568"]
[EventDate "2023.10.25"]
[ECO "B12"]
[PlyCount "99"]
[BlackFideId "1533533"]
[TimeControl "40/100 + 20/50 + 15 + 30s/move"]
[WhiteFideId "2209390"]

1.e4 c6 2.d4 d5 3.e5 Bf5 4.h4 h5 5.Bd3 Bxd3 6.Qxd3 Qa5+ 7.Nd2 e6 8.Nf3 Nh6 9.O-O Nf5 10.Nb3 Qb5 11.Qd1 c5 12.a4 Qb6 13.dxc5 Bxc5 14.a5 Qb5 15.Nxc5 Qxc5 16.b3 Nc6 17.Ra4 O-O-O 18.Bg5 Rd7 19.a6 b5 20.Rf4 Kb8 21.Qd3 Rc8 22.Rxf5 exf5 23.Qxf5 Rdc7 24.e6 fxe6 25.Qxe6 Nd8 26.Qg6 Qxc2 27.Qxc2 Rxc2 28.Nd4 R2c3 29.Re1 Ka8 30.Bf4 R3c5 31.Re8 b4 32.f3 Nf7 33.Re7 Nd8 34.Rxg7 Ra5 35.Rg6 Rac5 36.Rg8 Nf7 37.Rg7 Nd8 38.Kh2 Ra5 39.Rg6 Rac5 40.Rf6 Nc6 41.Ne6 Rc2 42.Nc7+ Kb8 43.Nxd5+ Ka8 44.Nc7+ Kb8 45.Nb5+ Ka8 46.Rf7 Ra2 47.Nc7+ Kb8 48.Nd5+ Ka8 49.Be3 Rg8 50.Rxa7+ 1-0

[Event "FIDE Grand Swiss 2023"]
[Site "Villa Marina, Douglas, Isle of Man"]
[Date "2023.10.29"]
[Round "5.37"]
[White "Suleymanli, Aydin"]
[Black "Anton Guijarro, David"]
[Result "1/2-1/2"]
[WhiteElo "2588"]
[BlackElo "2653"]
[EventDate "2023.10.25"]
[ECO "B13"]
[PlyCount "65"]
[BlackFideId "2285525"]
[TimeControl "40/100 + 20/50 + 15 + 30s/move"]
[WhiteFideId "13413937"]

1.e4 c6 2.d4 d5 3.exd5 cxd5 4.Bd3 Nc6 5.c3 Qc7 6.h3 e5 7.dxe5 Nxe5 8.Bb5+ Nc6 9.Nf3 a6 10.Ba4 Nf6 11.Bg5 Be7 12.O-O O-O 13.Re1 Bd7 14.Bxf6 Bxf6 15.Qxd5 Rad8 16.Bc2 g6 17.Qc5 b6 18.Qc4 b5 19.Qc5 b4 20.Be4 Rc8 21.a3 a5 22.axb4 axb4 23.Ra6 Be7 24.Qe3 Rfe8 25.Bd5 Bf6 26.Qd2 Kg7 27.cxb4 Qb7 28.Ra4 Rxe1+ 29.Qxe1 Qb6 30.Bxc6 Bxc6 31.Ra5 Bxf3 32.gxf3 Bxb2 33.Kg2 1/2-1/2

[Event "FIDE Grand Swiss 2023"]
[Site "Villa Marina, Douglas, Isle of Man"]
[Date "2023.10.29"]
[Round "5.38"]
[White "Ivanchuk, Vasyl"]
[Black "Rodrigue-Lemieux, Shawn"]
[Result "0-1"]
[WhiteElo "2653"]
[BlackElo "2488"]
[EventDate "2023.10.25"]
[ECO "E51"]
[PlyCount "122"]
[BlackFideId "2620049"]
[TimeControl "40/100 + 20/50 + 15 + 30s/move"]
[WhiteFideId "14100010"]

1.d4 Nf6 2.c4 e6 3.Nf3 d5 4.Nc3 Bb4 5.e3 O-O 6.a3 Bxc3+ 7.bxc3 c5 8.Bb2 Nc6 9.Be2 Na5 10.cxd5 Qb6 11.Qc2 exd5 12.dxc5 Qxc5 13.Nd4 Nc4 14.O-O Bd7 15.a4 Rfe8 16.Bxc4 dxc4 17.Ba3 Qc7 18.Rfd1 Ng4 19.Nf3 Bc6 20.Bd6 Qa5 21.Nd4 Be4 22.Qe2 Ne5 23.Nb5 Nd3 24.Bc7 Qa6 25.Bg3 Qf6 26.Qg4 Bc6 27.Nd6 Re6 28.Nxc4 Re4 29.Qe2 Rxc4 30.Qxd3 Rxa4 31.Rxa4 Bxa4 32.Ra1 Rd8 33.Qc4 Bc6 34.Qh4 Qxh4 35.Bxh4 Rd3 36.h3 a6 37.Ra3 f6 38.Bg3 Kf7 39.Bc7 Ke6 40.Bb6 Kd5 41.Bd4 Rd1+ 42.Kh2 Kc4 43.f3 Rb1 44.e4 Kb5 45.e5 fxe5 46.Bxe5 g6 47.Bc7 Bd5 48.Ra5+ Kc4 49.Be5 Rb5 50.Rxb5 Kxb5 51.Kg3 Kc4 52.Kf2 Kd3 53.Bc7 Kxc3 54.Bb6 Kb4 55.Ke3 Kb5 56.Bd8 Kc4 57.Bb6 Be6 58.h4 Kb5 59.Bd8 Kb4 60.Be7+ Kc4 61.Bd8 b5 0-1

[Event "FIDE Grand Swiss 2023"]
[Site "Villa Marina, Douglas, Isle of Man"]
[Date "2023.10.29"]
[Round "5.39"]
[White "Petrosyan, Manuel"]
[Black "Sargissian, Gabriel"]
[Result "1/2-1/2"]
[WhiteElo "2604"]
[BlackElo "2686"]
[EventDate "2023.10.25"]
[ECO "C89"]
[PlyCount "67"]
[BlackFideId "13300881"]
[TimeControl "40/100 + 20/50 + 15 + 30s/move"]
[WhiteFideId "13300857"]

1.e4 e5 2.Nf3 Nc6 3.Bb5 a6 4.Ba4 Nf6 5.O-O Be7 6.Re1 b5 7.Bb3 O-O 8.c3 d5 9.exd5 Nxd5 10.Nxe5 Nxe5 11.Rxe5 c6 12.d3 Bd6 13.Re1 Bf5 14.Qf3 Qh4 15.g3 Qh3 16.Nd2 Rae8 17.Ne4 Bg4 18.Qg2 Qxg2+ 19.Kxg2 f5 20.Bf4 Bxf4 21.gxf4 fxe4 22.dxe4 Bf3+ 23.Kxf3 Rxf4+ 24.Kg3 Rfxe4 25.Rxe4 Rxe4 26.f3 Re5 27.c4 bxc4 28.Bxc4 a5 29.Rc1 Rg5+ 30.Kf2 Kf8 31.Bd3 Rh5 32.Kg3 Rg5+ 33.Kf2 Rh5 34.Kg3 1/2-1/2

[Event "FIDE Grand Swiss 2023"]
[Site "Villa Marina, Douglas, Isle of Man"]
[Date "2023.10.29"]
[Round "5.40"]
[White "Amin, Bassem"]
[Black "Gupta, Abhijeet"]
[Result "1/2-1/2"]
[WhiteElo "2680"]
[BlackElo "2609"]
[EventDate "2023.10.25"]
[ECO "A05"]
[PlyCount "64"]
[BlackFideId "5010608"]
[TimeControl "40/100 + 20/50 + 15 + 30s/move"]
[WhiteFideId "10601457"]

1.Nf3 Nf6 2.g3 g6 3.b3 Bg7 4.Bb2 d6 5.d4 c5 6.Bg2 cxd4 7.Nxd4 d5 8.O-O O-O 9.c4 e5 10.Nf3 e4 11.Nd4 dxc4 12.Nd2 cxb3 13.Qxb3 Na6 14.Rac1 Qa5 15.Nxe4 Nxe4 16.Bxe4 Nc5 17.Qd5 Rd8 18.Qxc5 Qxc5 19.Rxc5 Bxd4 20.Rc2 Rb8 21.Rb1 Be6 22.Bxd4 Rxd4 23.Rxb7 Rxb7 24.Bxb7 Ra4 25.e4 Rxa2 26.Rc1 Rd2 27.Kg2 a5 28.Rc5 a4 29.Ra5 Bb3 30.Bd5 Kf8 31.Ra8+ Kg7 32.Ra7 Bxd5 1/2-1/2

[Event "FIDE Grand Swiss 2023"]
[Site "Villa Marina, Douglas, Isle of Man"]
[Date "2023.10.29"]
[Round "5.41"]
[White "Donchenko, Alexander"]
[Black "Mishra, Abhimanyu"]
[Result "0-1"]
[WhiteElo "2676"]
[BlackElo "2592"]
[EventDate "2023.10.25"]
[ECO "D02"]
[PlyCount "82"]
[BlackFideId "30920019"]
[TimeControl "40/100 + 20/50 + 15 + 30s/move"]
[WhiteFideId "24603295"]

1.d4 d5 2.Nf3 Nf6 3.c3 Bf5 4.Qb3 Qc8 5.c4 dxc4 6.Qxc4 e6 7.Nc3 a6 8.Nh4 Bc2 9.Bf4 c6 10.e3 h6 11.Nf3 Nbd7 12.Rc1 Bg6 13.Be2 Be7 14.Qb3 O-O 15.O-O b5 16.a4 Qb7 17.h3 Rfc8 18.Nd2 Nb6 19.Bh2 Ra7 20.a5 Nbd5 21.Bf3 Nxc3 22.bxc3 Qd7 23.Rfd1 c5 24.dxc5 Bxc5 25.Ne4 Nxe4 26.Rxd7 Rxd7 27.Be5 Rd5 28.Bd4 Bxd4 29.exd4 Rxd4 30.cxd4 Rxc1+ 31.Kh2 Nd2 32.Qa3 Nf1+ 33.Kg1 Rb1 34.Qd6 Nd2+ 35.Kh2 Nf1+ 36.Kg1 b4 37.d5 exd5 38.Bxd5 Ne3+ 39.Kh2 Nxd5 40.Qxd5 b3 41.Kg3 Rd1 0-1

[Event "FIDE Grand Swiss 2023"]
[Site "Villa Marina, Douglas, Isle of Man"]
[Date "2023.10.29"]
[Round "5.42"]
[White "Shevchenko, Kirill"]
[Black "Wagner, Dennis"]
[Result "1/2-1/2"]
[WhiteElo "2671"]
[BlackElo "2589"]
[EventDate "2023.10.25"]
[ECO "A05"]
[PlyCount "106"]
[BlackFideId "24650684"]
[TimeControl "40/100 + 20/50 + 15 + 30s/move"]
[WhiteFideId "14129574"]

1.Nf3 Nf6 2.g3 g6 3.c4 Bg7 4.Nc3 c6 5.e4 d5 6.cxd5 cxd5 7.e5 Ne4 8.d4 Nc6 9.Bg2 Qa5 10.Bd2 Nxd2 11.Qxd2 O-O 12.O-O e6 13.h4 f6 14.exf6 Bxf6 15.a3 Qb6 16.Rad1 Bg7 17.Rfe1 Bd7 18.b4 Rxf3 19.Bxf3 Nxd4 20.Bg2 Rc8 21.Rc1 Rf8 22.Qe3 Nb3 23.Nxd5 Qxe3 24.Nxe3 Nxc1 25.Rxc1 Rc8 26.Rxc8+ Bxc8 27.Nc4 b6 28.Bc6 e5 29.Nd6 Be6 30.Nb5 a5 31.Nc7 Bf5 32.Bd5+ Kh8 33.Bc4 axb4 34.axb4 Bf8 35.Nd5 Be4 36.Nxb6 Bxb4 37.Nd7 Bc3 38.Nf6 Bc6 39.Bd5 Kg7 40.Nh5+ gxh5 41.Bxc6 Bd4 42.Kg2 Kf6 43.Be8 h6 44.Bxh5 Bc5 45.Kf3 Bd4 46.Be8 Bc5 47.Bc6 Bd4 48.Kg2 Bc5 49.Be4 Bd4 50.f3 Bc5 51.Kh3 Bd4 52.Kg4 Bf2 53.Bd3 Be1 1/2-1/2

[Event "FIDE Grand Swiss 2023"]
[Site "Villa Marina, Douglas, Isle of Man"]
[Date "2023.10.29"]
[Round "5.43"]
[White "Akobian, Varuzhan"]
[Black "Mamedov, Rauf"]
[Result "1/2-1/2"]
[WhiteElo "2582"]
[BlackElo "2640"]
[EventDate "2023.10.25"]
[ECO "D35"]
[PlyCount "60"]
[BlackFideId "13401653"]
[TimeControl "40/100 + 20/50 + 15 + 30s/move"]
[WhiteFideId "13300580"]

1.d4 d5 2.c4 e6 3.Nc3 Nf6 4.cxd5 exd5 5.Bg5 Bb4 6.e3 h6 7.Bxf6 Qxf6 8.Qa4+ Nc6 9.Nf3 O-O 10.Be2 Rd8 11.Rc1 Bf8 12.O-O Ne7 13.b4 c6 14.b5 a6 15.bxa6 Ng6 16.Qc2 Bf5 17.e4 dxe4 18.Nxe4 Qe6 19.Bd3 Bxe4 20.Bxe4 Rxa6 21.a4 Rda8 22.Rb1 Rxa4 23.Rxb7 Ra1 24.Rbb1 Rxb1 25.Rxb1 Ne7 26.Ne5 Rd8 27.g3 g6 28.Nxc6 Nxc6 29.Qxc6 Qxc6 30.Bxc6 Rxd4 1/2-1/2

[Event "FIDE Grand Swiss 2023"]
[Site "Villa Marina, Douglas, Isle of Man"]
[Date "2023.10.29"]
[Round "5.44"]
[White "Kozak, Adam"]
[Black "Aryan, Chopra"]
[Result "0-1"]
[WhiteElo "2566"]
[BlackElo "2634"]
[EventDate "2023.10.25"]
[ECO "D35"]
[PlyCount "92"]
[BlackFideId "5084423"]
[TimeControl "40/100 + 20/50 + 15 + 30s/move"]
[WhiteFideId "753246"]

1.d4 Nf6 2.c4 e6 3.Nc3 d5 4.cxd5 exd5 5.Bg5 Bb4 6.e3 h6 7.Bxf6 Qxf6 8.a3 Bxc3+ 9.bxc3 O-O 10.Bd3 Bf5 11.Ne2 Bxd3 12.Qxd3 Nd7 13.O-O Nb6 14.f3 Rfe8 15.e4 Qg6 16.Ng3 Nc4 17.a4 Nd6 18.Rfe1 h5 19.Qc2 h4 20.Nf5 Nxf5 21.exf5 Qg5 22.Kf2 Qf4 23.g3 Qh6 24.Kg2 Re3 25.f4 Rae8 26.Qd2 R3e4 27.g4 g6 28.Rxe4 Rxe4 29.fxg6 f5 30.h3 fxg4 31.hxg4 Rxf4 32.Kh2 Qf8 33.Kh1 Rxg4 34.Qe2 Qf5 35.Rf1 Qe4+ 36.Qxe4 dxe4 37.Rf7 Rxg6 38.Rxc7 Rg7 39.Rc8+ Kf7 40.Rh8 Ke6 41.Rh5 Kf6 42.Rxh4 Kf5 43.Rh8 e3 44.d5 Ke4 45.d6 e2 46.Re8+ Kd3 0-1

[Event "FIDE Grand Swiss 2023"]
[Site "Villa Marina, Douglas, Isle of Man"]
[Date "2023.10.29"]
[Round "5.45"]
[White "Lazavik, Denis"]
[Black "Idani, Pouya"]
[Result "1/2-1/2"]
[WhiteElo "2560"]
[BlackElo "2633"]
[EventDate "2023.10.25"]
[ECO "D41"]
[PlyCount "62"]
[BlackFideId "12510130"]
[TimeControl "40/100 + 20/50 + 15 + 30s/move"]
[WhiteFideId "13515110"]

1.d4 Nf6 2.c4 e6 3.Nf3 d5 4.Nc3 c5 5.cxd5 exd5 6.Bg5 Be6 7.g3 Nc6 8.Bg2 h6 9.Bxf6 Qxf6 10.O-O O-O-O 11.Qa4 Kb8 12.Rad1 g5 13.e4 g4 14.Ne5 Nxd4 15.exd5 Qxe5 16.dxe6 Qxe6 17.Nb5 Qa6 18.Qb3 Qb6 19.Nxd4 cxd4 20.Qxf7 d3 21.Bd5 Bc5 22.Qf4+ Qd6 23.Qxd6+ Rxd6 24.Rxd3 Rhd8 25.Rfd1 Rf8 26.R3d2 Rdf6 27.Rf1 Rd6 28.Kg2 Rf5 29.Rfd1 Rdf6 30.Rf1 Rd6 31.Rfd1 Rdf6 1/2-1/2

[Event "FIDE Grand Swiss 2023"]
[Site "Villa Marina, Douglas, Isle of Man"]
[Date "2023.10.29"]
[Round "5.46"]
[White "Theodorou, Nikolas"]
[Black "Vokhidov, Shamsiddin"]
[Result "1/2-1/2"]
[WhiteElo "2619"]
[BlackElo "2578"]
[EventDate "2023.10.25"]
[ECO "A29"]
[PlyCount "85"]
[BlackFideId "14204223"]
[TimeControl "40/100 + 20/50 + 15 + 30s/move"]
[WhiteFideId "4262875"]

1.c4 Nf6 2.Nc3 e5 3.Nf3 Nc6 4.g3 d5 5.cxd5 Nxd5 6.Bg2 Bc5 7.O-O O-O 8.d3 h6 9.Bd2 Nf6 10.Rc1 Re8 11.a3 Nd4 12.Na4 Bd6 13.Nc3 c6 14.Nxd4 exd4 15.Ne4 Bf5 16.Nxd6 Qxd6 17.Re1 Qd7 18.Qb3 Bg4 19.e4 dxe3 20.Bxe3 Bh3 21.Bh1 Be6 22.Qc3 Bd5 23.f3 Nh7 24.h4 Nf8 25.Bf2 Ne6 26.Bg2 a5 27.Re5 f6 28.Re2 c5 29.Rce1 b6 30.Bh3 Qd6 31.Kh2 Nc7 32.Rxe8+ Rxe8 33.Rxe8+ Nxe8 34.b3 Be6 35.Bf1 Qd5 36.d4 cxd4 37.Bxd4 b5 38.Bc5 b4 39.axb4 axb4 40.Bxb4 Qxb3 41.Qc5 Kh7 42.Qc3 Qxc3 43.Bxc3 1/2-1/2

[Event "FIDE Grand Swiss 2023"]
[Site "Villa Marina, Douglas, Isle of Man"]
[Date "2023.10.29"]
[Round "5.47"]
[White "Ter-Sahakyan, Samvel"]
[Black "Fawzy, Adham"]
[Result "1-0"]
[WhiteElo "2618"]
[BlackElo "2535"]
[EventDate "2023.10.25"]
[ECO "B31"]
[PlyCount "87"]
[BlackFideId "10613129"]
[TimeControl "40/100 + 20/50 + 15 + 30s/move"]
[WhiteFideId "13302531"]

1.e4 c5 2.Nf3 Nc6 3.Bb5 g6 4.O-O Bg7 5.c3 e5 6.d3 Nge7 7.Be3 d6 8.d4 exd4 9.cxd4 O-O 10.Nc3 Qb6 11.Bxc6 Nxc6 12.Rb1 Bg4 13.Nd5 Qa5 14.dxc5 dxc5 15.Qb3 Bxf3 16.gxf3 b6 17.Kg2 Rae8 18.h4 h5 19.Rbd1 Qa6 20.Nc7 c4 21.Nxa6 cxb3 22.axb3 Rc8 23.Rd7 Bxb2 24.b4 Rfd8 25.Rfd1 Bf6 26.R1d5 Bxh4 27.f4 Rxd7 28.Rxd7 Re8 29.Rc7 Re6 30.Kh3 Bd8 31.Rc8 Rd6 32.b5 Na5 33.Nb4 Kf8 34.Ra8 Rd7 35.Nc6 Ke8 36.Bd4 f5 37.Bf6 fxe4 38.Nxd8 Rd5 39.Rxa7 Rf5 40.Bg5 Rxb5 41.Re7+ Kf8 42.Ne6+ Kg8 43.Rg7+ Kh8 44.Bf6 1-0

[Event "FIDE Grand Swiss 2023"]
[Site "Villa Marina, Douglas, Isle of Man"]
[Date "2023.10.29"]
[Round "5.48"]
[White "Royal, Shreyas"]
[Black "Karthikeyan, Murali"]
[Result "1/2-1/2"]
[WhiteElo "2407"]
[BlackElo "2611"]
[EventDate "2023.10.25"]
[ECO "E11"]
[PlyCount "93"]
[BlackFideId "5074452"]
[TimeControl "40/100 + 20/50 + 15 + 30s/move"]
[WhiteFideId "448869"]

1.d4 Nf6 2.c4 e6 3.Nf3 d5 4.g3 Bb4+ 5.Bd2 Be7 6.Bg2 O-O 7.O-O c6 8.Qc2 a5 9.Bf4 Nbd7 10.Rd1 a4 11.a3 Ne4 12.Nc3 Nxc3 13.Qxc3 Nb6 14.Nd2 g5 15.Be3 f5 16.c5 Nd7 17.Nf3 Bf6 18.Rab1 Qe7 19.Ne5 Qg7 20.f4 Bd8 21.b3 Nxe5 22.dxe5 axb3 23.Rxb3 Kh8 24.Kh1 Rg8 25.Bf3 Ra7 26.Rdb1 Qh6 27.Qb4 gxf4 28.gxf4 Rg6 29.Bf2 Rg7 30.Qd4 Be7 31.a4 Rg8 32.Rg1 Rxg1+ 33.Bxg1 Qf8 34.Qb4 Qd8 35.Qd4 Ra5 36.Qb4 Ra6 37.Qd4 Qa5 38.Rb4 Qd8 39.Rb3 Ra5 40.Qb4 b5 41.axb5 Rxb5 42.Qa4 Rxb3 43.Qxb3 Ba6 44.Bd4 Bb5 45.Qa3 Bf8 46.Qa7 Kg8 47.Bh5 1/2-1/2

[Event "FIDE Grand Swiss 2023"]
[Site "Villa Marina, Douglas, Isle of Man"]
[Date "2023.10.29"]
[Round "5.49"]
[White "Fier, Alexandr"]
[Black "Van Foreest, Jorden"]
[Result "0-1"]
[WhiteElo "2574"]
[BlackElo "2707"]
[EventDate "2023.10.25"]
[ECO "E73"]
[PlyCount "126"]
[BlackFideId "1039784"]
[TimeControl "40/100 + 20/50 + 15 + 30s/move"]
[WhiteFideId "2107139"]

1.d4 Nf6 2.c4 g6 3.Nc3 Bg7 4.e4 d6 5.Be2 O-O 6.h4 h5 7.Bg5 Na6 8.f3 c6 9.Qd2 Nc7 10.Rd1 a6 11.Nh3 Bxh3 12.Rxh3 Nd7 13.Bh6 b5 14.Bxg7 Kxg7 15.c5 Qe8 16.f4 Rd8 17.b4 a5 18.a3 axb4 19.axb4 dxc5 20.dxc5 Nf6 21.Rd3 Rxd3 22.Qxd3 Qa8 23.f5 e5 24.fxg6 fxg6 25.Qd6 Rf7 26.Qxe5 Qa3 27.Rd3 Qa1+ 28.Bd1 Na6 29.Rd2 Nxb4 30.Qd4 Qa5 31.Rf2 Na6 32.e5 Nd5 33.e6+ Rf6 34.Rxf6 Nxf6 35.e7 Nc7 36.Kf2 Qa1 37.Ne2 Qa2 38.Qe5 Ne8 39.Kg3 Qa3+ 40.Kh2 Qe3 41.Qxe3 Ng4+ 42.Kg3 Nxe3 43.Bb3 Nf5+ 44.Kf4 Kf6 45.g3 Nc7 46.e8=B Nxe8 47.Nc3 Nd4 48.Ne4+ Ke7 49.Ba2 Nf6 50.Nd2 Ne6+ 51.Bxe6 Kxe6 52.Kg5 Ke5 53.Kxg6 Ne4 54.Nf3+ Kd5 55.g4 hxg4 56.Ne1 b4 57.h5 b3 58.Nd3 g3 59.h6 b2 60.h7 b1=Q 61.Nf4+ Ke5 62.h8=Q+ Kxf4 63.Qb8+ Qxb8 0-1

[Event "FIDE Grand Swiss 2023"]
[Site "Villa Marina, Douglas, Isle of Man"]
[Date "2023.10.29"]
[Round "5.50"]
[White "Krasenkow, Michal"]
[Black "Santos Latasa, Jaime"]
[Result "0-1"]
[WhiteElo "2531"]
[BlackElo "2650"]
[EventDate "2023.10.25"]
[ECO "E00"]
[PlyCount "104"]
[BlackFideId "2293307"]
[TimeControl "40/100 + 20/50 + 15 + 30s/move"]
[WhiteFideId "1113100"]

1.Nf3 e6 2.c4 d5 3.d4 Nf6 4.g3 Bb4+ 5.Bd2 Be7 6.Bg2 Nbd7 7.O-O O-O 8.Bg5 h6 9.Bxf6 Nxf6 10.Ne5 c6 11.Nc3 Nd7 12.Nxd7 Bxd7 13.Qb3 Qb6 14.e4 dxc4 15.Qxc4 c5 16.d5 Bf6 17.Rab1 Rac8 18.Rfe1 Bd4 19.e5 Qa5 20.Qd3 b5 21.a3 Qb6 22.Rbd1 a5 23.Rd2 b4 24.axb4 axb4 25.dxe6 Bxe6 26.Nd5 Qa7 27.Nf4 Rfd8 28.Qe4 Bb3 29.e6 Re8 30.Bh3 fxe6 31.Nxe6 Qf7 32.Rde2 Bc4 33.Rc2 Bb3 34.Rce2 Bc4 35.Rc2 Ba6 36.Bf5 Qf6 37.Qd5 Kh8 38.Ra1 Ra8 39.Nf4 Bb7 40.Rxa8 Bxa8 41.Re2 Rf8 42.Qe6 Qxf5 43.Qxf5 Rxf5 44.Re8+ Kh7 45.Rxa8 Bxb2 46.Ne6 c4 47.Rc8 c3 48.Kf1 Rd5 49.Nf4 Rd6 50.Ne2 Rd1+ 51.Kg2 Rd2 52.Kf3 c2 0-1

[Event "FIDE Grand Swiss 2023"]
[Site "Villa Marina, Douglas, Isle of Man"]
[Date "2023.10.29"]
[Round "5.51"]
[White "Warmerdam, Max"]
[Black "Sanal, Vahap"]
[Result "1-0"]
[WhiteElo "2636"]
[BlackElo "2603"]
[EventDate "2023.10.25"]
[ECO "D50"]
[PlyCount "51"]
[BlackFideId "6300545"]
[TimeControl "40/100 + 20/50 + 15 + 30s/move"]
[WhiteFideId "1048104"]

1.c4 e6 2.Nc3 d5 3.d4 Nf6 4.Bg5 dxc4 5.e3 c5 6.Bxf6 Qxf6 7.d5 exd5 8.Nxd5 Qd8 9.Bxc4 Nc6 10.Nf3 Bd6 11.O-O O-O 12.h3 Be6 13.e4 Ne5 14.Qb3 Nxf3+ 15.Qxf3 Qg5 16.Qe2 Qe5 17.f4 Qd4+ 18.Kh1 b5 19.Bxb5 Bxd5 20.exd5 Bxf4 21.Rad1 Qe5 22.d6 Rab8 23.Qc4 Be3 24.d7 Bd4 25.b4 a6 26.Bxa6 1-0

[Event "FIDE Grand Swiss 2023"]
[Site "Villa Marina, Douglas, Isle of Man"]
[Date "2023.10.29"]
[Round "5.52"]
[White "Gledura, Benjamin"]
[Black "Samunenkov, Ihor"]
[Result "1-0"]
[WhiteElo "2633"]
[BlackElo "2531"]
[EventDate "2023.10.25"]
[ECO "D11"]
[PlyCount "67"]
[BlackFideId "14187086"]
[TimeControl "40/100 + 20/50 + 15 + 30s/move"]
[WhiteFideId "712779"]

1.d4 d5 2.c4 c6 3.Nf3 Nf6 4.e3 e6 5.b3 c5 6.dxc5 Bxc5 7.Bb2 O-O 8.Nbd2 Nc6 9.a3 a5 10.Bd3 dxc4 11.Bxc4 b6 12.Qb1 Nd5 13.h4 Qe7 14.g4 f6 15.Bd3 f5 16.gxf5 exf5 17.Bc4 Be6 18.Rg1 Nf6 19.Qxf5 Bxc4 20.Nxc4 Rad8 21.Ng5 Nd4 22.Bxd4 Bxd4 23.O-O-O Bc5 24.Qe6+ Qxe6 25.Nxe6 Rxd1+ 26.Kxd1 Rf7 27.Nxc5 bxc5 28.Nxa5 Ne4 29.f4 Rd7+ 30.Ke2 Nc3+ 31.Kf3 Ra7 32.Nc4 Rb7 33.Nd2 Rd7 34.Ne4 1-0

[Event "FIDE Grand Swiss 2023"]
[Site "Villa Marina, Douglas, Isle of Man"]
[Date "2023.10.29"]
[Round "5.53"]
[White "Gurel, Ediz"]
[Black "Henriquez Villagra, Cristobal"]
[Result "1/2-1/2"]
[WhiteElo "2514"]
[BlackElo "2630"]
[EventDate "2023.10.25"]
[ECO "B38"]
[PlyCount "77"]
[BlackFideId "3409350"]
[TimeControl "40/100 + 20/50 + 15 + 30s/move"]
[WhiteFideId "44507356"]

1.e4 c5 2.Nf3 Nc6 3.d4 cxd4 4.Nxd4 g6 5.c4 Bg7 6.Be3 Qb6 7.Nb3 Qd8 8.Qd2 Nf6 9.Nc3 d6 10.Be2 O-O 11.O-O Be6 12.Nd4 Nxd4 13.Bxd4 Qa5 14.Rad1 Rfc8 15.b3 Ne8 16.Bxg7 Nxg7 17.f4 f6 18.Kh1 Rab8 19.Qe3 Qc5 20.Qg3 Kh8 21.Bd3 Rf8 22.Bb1 Bf7 23.Qh4 Qh5 24.Qf2 a6 25.Rd3 b5 26.cxb5 axb5 27.f5 b4 28.Rh3 Qg5 29.fxg6 Bxg6 30.Nd5 e5 31.Rf3 Nh5 32.h4 Qg4 33.Nxf6 Qxf3 34.Qxf3 Rxf6 35.Qxf6+ Nxf6 36.Rxf6 Rc8 37.Rf1 Rc3 38.Kg1 Bh5 39.Kf2 1/2-1/2